 Dungeon Crawl Stone Soup version 0.29-a0-334-gb41bcbb86e (webtiles) character file.

Game seed: 9426610180383903609

11 rabbitsville the Stinger (level 2, 0/19 HPs)
             Began as a Merfolk Venom Mage on Apr 14, 2022.
             Slain by a gnoll
             ... wielding a +0 spear
              (5 damage)
             ... on level 1 of the Dungeon.
             The game lasted 00:02:56 (548 turns).

rabbitsville the Stinger (Merfolk Venom Mage)        Turns: 548, Time: 00:02:57

Health: 0/19       AC:  2    Str:  8    XL:     2   Next: 29%
Magic:  0/5        EV: 12    Int: 14    God:
Gold:   34         SH:  0    Dex: 14    Spells: 4/5 levels left

rFire   . . .      SeeInvis .   d - +0 dagger
rCold   . . .      Faith    .   (no shield)
rNeg    . . .      Spirit   .   a - +0 robe
rPois   .          Reflect  .   (no helmet)
rElec   .          Harm     .   (no cloak)
rCorr   .          Rampage  .   (no gloves)
Will    .....                   (no boots)
Stlth   ++........              (no amulet)
HPRegen 0.06/turn               (no ring)
MPRegen 0.09/turn               (no ring)

@: very slightly contaminated
A: (nimble swimmer 2), mertail
a: no special abilities


You were on level 1 of the Dungeon.
You visited 1 branch of the dungeon, and saw 1 of its levels.

You collected 34 gold pieces.

Inventory:

Hand Weapons
 c - a +0 club
 d - a +0 dagger (weapon)
Armour
 a - a +0 robe (worn)
Scrolls
 f - 2 scrolls of torment {unknown}
Potions
 b - a potion of magic
 e - a potion of flight {unknown}


   Skills:
 - Level 2.6 Dodging
 - Level 2.1 Stealth
 * Level 2.3 Spellcasting
 + Level 1.8 Transmutations
 * Level 3.6 Poison Magic


You had 4 spell levels left.
You knew the following spells:

 Your Spells              Type           Power      Damage    Failure   Level
a - Sting                 Tmut/Pois      36%        1d4       8%          1

Your spell library contained the following spells:

 Spells                   Type           Power      Damage    Failure   Level
 Poisonous Vapours        Pois/Air       12%        N/A       17%         2
 Mephitic Cloud           Conj/Pois/Air  5%         N/A       38%         3
 Olgreb's Toxic Radiance  Pois           11%        N/A       45%         4


Dungeon Overview and Level Annotations

Branches:
Dungeon (1/15)

Altars:


Innate Abilities, Weirdness & Mutations

((You are very nimble when in or above water. (Stealth+, EV+, Speed+++)))
Your lower body shifts to a powerful aquatic tail in water.


Message History

You now have 34 gold pieces (gained 12).
You open the door.
Found a ring mail.
Okay, then.
Unknown command.
There is an open door here.
You see here a +0 ring mail.
You see here a +0 tower shield.
A bat comes into view.
The sting hits the bat.
The bat is poisoned.
The bat is heavily wounded.
The bat hits you but does no damage.
The sting hits the bat.
The bat looks even sicker.
You kill the bat!
Unknown command.
You see here a bat corpse.
A gnoll comes into view. It is wielding a +0 spear.
The gnoll shouts!
The sting misses the gnoll.
You miscast Sting.
You are very lightly contaminated with residual magic.
Nothing appears to happen.
The gnoll closely misses you.
The sting hits the gnoll.
The gnoll is poisoned.
The gnoll is lightly wounded.
The gnoll hits you but does no damage.
You miscast Sting.
Nothing appears to happen.
The gnoll barely misses you.
The sting hits the gnoll but does no damage.
The gnoll looks even sicker.
The gnoll is lightly wounded.
The gnoll hits you from afar with a +0 spear!
Ouch! That really hurt!
The gnoll hits you with a +0 spear.
* * * LOW HITPOINT WARNING * * *
You hit the gnoll.
The gnoll is moderately wounded.
The gnoll misses you.
You hit the gnoll.
The gnoll is heavily wounded.
The gnoll hits you with a +0 spear.
You die...

#####...####.##############..
#.........#.# ###
#.##...##.#.######## # .(
#.†.# #.#..†...# # # #...#
#.#.####.# ### # #...#
.#.#.#....#####.. #
#...##.#.#.#..........###
#...##.#g#.####.........#
#...##..@#.........#....#
#................#.#.....
#...............##.#.....
####..#########.##.#.....
#.......####.##.#.....
#.......^....##.#.#...
#...........[##.#.####
#............##.#.....
#................##...


You could see a gnoll (very poisoned).

Vanquished Creatures
  3 bats (D:1)
  An endoplasm (D:1)
  A giant cockroach (D:1)
  A hobgoblin (D:1)
  2 kobolds (D:1)
  A quokka (D:1)
9 creatures vanquished.

Notes
Turn   | Place    | Note
-------+----------+-------------------------------------------
     0 | D:1      | rabbitsville the Merfolk Venom Mage began the quest for the
                  | Orb.
     0 | D:1      | Reached XP level 1. HP: 13/13 MP: 3/3
    21 | D:1      | Found a faded altar of an unknown god.
   294 | D:1      | Reached XP level 2. HP: 19/19 MP: 0/5
   548 | D:1      | Slain by a gnoll

Illustrated notes

Levels and vault maps discovered:
D:1:      psy_arrival_terrarium, layout_basic, basic_ecumenical_altar,
          serial_shops, shop, chequers_serial_rivers_large_a

Action                   || total
-------------------------++-------
Melee: Dagger            ||     2
 Cast: Sting             ||    22
Armor: Robe              ||     3
Dodge: Dodged            ||     6

Table legend: (Time is in decaauts)
 A = Elapsed time spent in this place.
 B = Non-inter-level travel time spent in this place.
 C = Inter-level travel time spent in this place.
 D = Time resting spent in this place.
 E = Time spent auto-exploring this place.
 F = Levels seen in this place.
 G = Mean time per level.
                   A        B        C        D        E       F      G
               +--------+--------+--------+--------+--------+-----+--------+
         Total |    543 |    543 |      0 |     21 |    447 |   1 |  543.0 |
       Dungeon |    543 |    543 |      0 |     21 |    447 |   1 |  543.0 |
               +--------+--------+--------+--------+--------+-----+--------+

Top non-repeatable levels by time:
     D:1: 543 daAuts
